 Dungeon Crawl Stone Soup version 0.21.1-1-g345015f (webtiles) character file.

42 teukkam the Ruffian (level 3, -20/37 HPs)
             Began as a Troll Monk on June 20, 2018.
             Demolished by an ogre
             ... wielding a +0 giant club
              (26 damage)
             ... on level 3 of the Dungeon.
             The game lasted 00:06:24 (819 turns).

teukkam the Ruffian (Troll Monk)                     Turns: 819, Time: 00:06:24

Health: -20/37     AC:  5    Str: 20    XL:     3   Next: 35%
Magic:  2/2        EV: 10    Int:  6    God:
Gold:   54         SH:  0    Dex: 12    Spells: 2/2 levels left

rFire    . . .     SeeInvis .   f - -3 dagger (curse)
rCold    . . .     Gourm    +   (no shield)
rNeg     . . .     Faith    .   a - +0 robe
rPois    +         Spirit   .   (helmet restricted)
rElec    .         Reflect  .   (no cloak)
rCorr    .         Harm     .   (gloves unavailable)
MR       .....                  (boots unavailable)
Stlth    ++........             (no amulet)
HPRegen  0.52/turn              h - ring of poison resistance
MPRegen  0.08/turn              (no ring)

@: no status effects
A: large, unfitting armour, claws 3, fast metabolism 3, gourmand, regeneration
1, shaggy fur 1, tough skin 2
a: no special abilities


You were on level 3 of the Dungeon.
You were full.

You visited 1 branch of the dungeon, and saw 3 of its levels.

You collected 54 gold pieces.

Inventory:

Hand Weapons
 f - a cursed -3 dagger (weapon)
Armour
 a - a +0 robe (worn)
Jewellery
 c - an uncursed ring of ice
 h - a ring of poison resistance (left claw)
Potions
 e - a potion of magic {unknown}
 g - a potion of mutation {unknown}
Comestibles
 b - 3 rations


   Skills:
 + Level 3.1 Fighting
 - Level 2.5 Dodging
 - Level 1.0 Stealth
 + Level 3.6 Unarmed Combat


You had 2 spell levels left.
You didn't know any spells.

Dungeon Overview and Level Annotations

Branches:
Dungeon (3/15)

Altars:
Okawaru

Annotations:
D:2 Terence
D:3 Grinder, Robin


Innate Abilities, Weirdness & Mutations

You are too large for most types of armour.
You have claws for hands.
Your metabolism is lightning-fast.
You like to eat raw meat.
Your natural rate of healing is unusually fast.
You are covered in fur. (AC +1)
You have very tough skin. (AC +2)


Message History

2 hobgoblins come into view.
The hobgoblin shouts! x2; You hear a shout!
Robin says, "My army is invincible!"
A goblin comes into view.
A goblin comes into view.
The goblin shouts!
You hear a shout!
Robin roars a battlecry!
The water moccasin closely misses you. 2 hobgoblins come into view.
Robin closely misses you.
The goblin no longer looks unusually strong.
Robin throws the goblin at you!
* * * LOW HITPOINT WARNING * * *
The hobgoblin barely misses you. The goblin closely misses you.
The water moccasin barely misses you.
You miss the goblin. Robin throws the goblin at you!
The hobgoblin hits you but does no damage.
The ogre hits you with a giant club!!
Ouch! That really hurt!
You die...

#.. #.# ####.#
##########g@g.# #
........##SOg.#####.#
.......og..gg........
........##..g...g....
....%...##....g......
..............)......
........####.<.......
..[.....# #.........
######### #.....[[.$


You could see a water moccasin, an ogre, Robin, 4 hobgoblins and 4 goblins.

Vanquished Creatures
  2 adders (D:2)
  A leopard gecko (D:1)
  4 bats
  4 giant cockroaches
  A goblin (D:1)
  3 hobgoblins
  A ball python (D:2)
  A frilled lizard (D:1)
  2 kobolds
  4 rats
23 creatures vanquished.

Notes
Turn   | Place    | Note
-------+----------+-------------------------------------------
     0 | D:1      | teukkam the Troll Monk began the quest for the Orb.
     0 | D:1      | Reached XP level 1. HP: 22/22 MP: 0/0
   125 | D:1      | Reached XP level 2. HP: 29/29 MP: 1/1
   243 | D:2      | Noticed Terence
   505 | D:3      | Noticed Grinder
   506 | D:3      | Paralysed by Grinder for 6 turns
   587 | D:2      | Reached XP level 3. HP: 29/37 MP: 2/2
   702 | D:2      | Found an iron altar of Okawaru.
   791 | D:3      | Noticed a water moccasin
   804 | D:3      | Noticed Robin
   808 | D:3      | Noticed an ogre
   819 | D:3      | Demolished by an ogre

Skill      XL: |  1  2 |
---------------+-------+-----
Fighting       | 3 |  3.1
Dodging        | |  2.5
Stealth        | |  1.0
Unarmed Combat | |  3.6

Action                   || total
-------------------------++-------
Melee: Unarmed           ||    21
       Dagger            ||   183
       Punch             ||     3
  Use: Scroll            ||     3
       Potion            ||     1
 Stab: Sleeping          ||     4
  Eat: Chunk             ||    10
Armor: Robe              ||    81
Dodge: Dodged            ||   134
